 Dungeon Crawl Stone Soup version 0.24.0-37-gcf1ca852f1 (webtiles) character file.

Game seed: 14096358584521503231, levelgen mode: deterministic

74 PentaManta the Slasher (level 4, 0/35 HPs)
             Began as a Formicid Fighter on Dec 6, 2019.
             Slain by a worker ant (6 damage)
             ... on level 2 of the Dungeon.
             The game lasted 00:02:23 (2042 turns).

PentaManta the Slasher (Formicid Fighter)           Turns: 2042, Time: 00:02:24

Health: 0/35       AC:  6    Str: 22    XL:     4   Next: 54%
Magic:  4/4        EV:  8    Int: 12    God:
Gold:   64         SH:  9    Dex: 10    Spells: 3/3 levels left

rFire    . . .     SeeInvis +   a - +0 long sword
rCold    . . .     Gourm    .   c - +0 shield
rNeg     . . .     Faith    .   b - +0 scale mail
rPois    .         Spirit   .   (helmet unavailable)
rElec    .         Reflect  .   (no cloak)
rCorr    .         Harm     .   (no gloves)
MR       .....                  (no boots)
Stlth    ..........             (no amulet)
HPRegen  0.11/turn              (no ring)
MPRegen  0.09/turn              (no ring)

@: brilliant
A: permanent stasis, dig shafts and tunnels, four strong arms, antennae 3
a: Dig, Shaft Self


You were on level 2 of the Dungeon.
You were near starving.

You visited 1 branch of the dungeon, and saw 3 of its levels.

You collected 64 gold pieces.

Inventory:

Hand Weapons
 a - a +0 long sword (weapon)
 j - a +0 dagger
Armour
 b - a +0 scale mail (worn)
 c - a +0 shield (worn)
Scrolls
 e - a scroll of enchant weapon {unknown}
 h - a scroll of immolation {unknown}
 i - 2 scrolls of identify {unknown}
 k - a scroll of teleportation {unknown}
 o - a scroll of remove curse {unknown}
Potions
 d - 3 potions of might
 l - a potion of brilliance
 p - 2 potions of lignification {unknown}
Comestibles
 f - 4 rations


   Skills:
 - Level 3.2 Fighting
 + Level 4.4 Long Blades
 - Level 3.2 Armour
 - Level 3.6 Shields


You had 3 spell levels left.
You didn't know any spells.
Your spell library was empty.

Dungeon Overview and Level Annotations

Branches:
Dungeon (3/15)

Altars:


Innate Abilities, Weirdness & Mutations

You cannot be hasted, slowed, berserked, paralysed or teleported.
You can dig through walls and to a lower floor.
Your four strong arms can wield two-handed weapons with a shield.
You have a pair of large antennae on your head. (SInv)


Message History

The worker ant poisons you!
You slash the worker ant!
The worker ant is heavily wounded.
* * * LOW HITPOINT WARNING * * *
You feel sick. The worker ant barely misses you.
You riposte.
You closely miss the worker ant.
The worker ant is heavily wounded.
The worker ant bites you.
* * * LOW HITPOINT WARNING * * *
It was a potion of brilliance.
You feel clever all of a sudden.
* * * LOW HITPOINT WARNING * * *
You feel sick. You block the worker ant's attack.
It was a potion of haste.
Your stasis prevents you from being hasted.
* * * LOW HITPOINT WARNING * * *
You feel sick. The worker ant bites you.
* * * LOW HITPOINT WARNING * * *
It was a potion of curing.
You feel better. The worker ant bites you.
You die...

#.#####..# #
#.#####..#{
# #.#...(.(#
. #.#....((#
# #.#....).#
{ #
#####......#
#.....####.#
#.....# #.#
#...a@# #.#
#.....# #.#
#####'# #.#
#......# #.#
#......#
#......#
#.......
#......##
#......# #.#


You could see a worker ant.

Vanquished Creatures
  A worker ant (D:2)
  2 adders (D:2)
  A worm (D:2)
  A dart slug (D:1)
  2 bats (D:2)
  2 giant cockroaches
  7 goblins
  4 hobgoblins
  A ball python (D:2)
  2 frilled lizards
  A kobold (D:1)
  6 rats
30 creatures vanquished.

Notes
Turn   | Place    | Note
-------+----------+-------------------------------------------
     0 | D:1      | PentaManta the Formicid Fighter began the quest for the
                  | Orb.
     0 | D:1      | Reached XP level 1. HP: 18/18 MP: 1/1
   228 | D:1      | Reached XP level 2. HP: 20/24 MP: 2/2
   725 | D:1      | Reached skill level 3 in Long Blades
   882 | D:2      | Reached XP level 3. HP: 10/29 MP: 3/3
   899 | D:2      | HP: 1/29 [poisoned by an adder]
  1569 | D:2      | You fall into a shaft and drop 1 floor!
  1773 | D:2      | Reached skill level 4 in Long Blades
  1773 | D:2      | Reached XP level 4. HP: 25/35 MP: 4/4
  2041 | D:2      | HP: 1/35 [worker ant (3)]
  2042 | D:2      | Slain by a worker ant

Levels and vault maps discovered:
D:1:      matt_arrival_refuge, layout_loops_corners
D:2:      minmay_door_path, layout_basic
D:3:      layout_loops_ring, nemelex_diamond_rough_becter

Skill      XL: |  1  2  3 |
---------------+----------+-----
Long Blades    | 3 4 |  4.4
Fighting       | |  3.2
Armour         | |  3.2
Shields        | |  3.6

Action                   |  1- 3 |  4- 6 || total
-------------------------+-------+-------++-------
Melee: Long sword        |    95 |    13 ||   108
       Dagger            |    26 |       ||    26
  Use: Potion            |       |     3 ||     3
  Eat: Chunk             |     2 |       ||     2
Armor: Scale mail        |    45 |    10 ||    55
Dodge: Dodged            |    30 |    17 ||    47
Block: Shield            |    69 |    13 ||    82
       Rpst.: Long sword |    10 |     5 ||    15
